cohdb
Replays
Latest Replays
All Replays
Popular Replays
Top Player Replays
Match Explorer
How It Works
Community
CoH3 Stats
Reddit
Sign in to upload your games and track your stats! →
Sign in with Steam
Match 44735793
Unlisted
Match 44735793
Overview
Messages
Build Orders
End
Construct Infanterie Kompanie
Selects Breakthrough Battlegroup
Selects Assault Grenadiers
MG 42 Machine Gun Team
Grenadier Squad
Grenadier Squad
Construct Panzergrenadier Kompanie
Medical Bunker
Selects Rapid Production
251 Medium Carrier
Panzergrenadier Squad
Panzergrenadier Officer Quarters
GrW 34 Mortar Team
Support Elements
Nebelwerfer 42 Rocket Launcher Team
Selects Blitzkrieg
Selects Panzer IV Command Tank Sd.Kfz. 161/1
StuG III G Assault Gun
StuG III G Assault Gun
StuG III G Assault Gun
Selects Breakthrough
Selects Incendiary Bombing Run
花开的时候你就来看我
隔壁老王
Lacrimosa
Siso
Chikage
Jeremy
JT
只出曲线
0
0
Comments
sign in to comment!
No comments posted yet!